AoeStats
← Ivess

MegaRandom

503750941Analyzed
1v1 RM · 1mo ago on Sep 2, 2026· 96m 19s· 2 players
Game mode
Random Map
Map size
Tiny (2 player)
Population
200
Speed
Normal
Resources
Standard
Victory
Conquest
Starting age
Dark Age
Ending age
Imperial Age
RankedLock teamsTeams togetherTeam positionsShared explorationLock speedFull tech treeHidden civsTurbo modeCheats
Victory
Defeat
🇨🇱 Byzantines · Chile
565
+19
🇲🇽 Turks · Mexico
632
-19
Chino_malo
2:20 Loom
11:53 Feudal Age
16:50 Horse Collar
19:17 Castle Age
19:22 Double-Bit Axe
19:25 Crossbowman
20:27 Pikeman
21:55 Squires
32:47 Elite Skirmisher
47:04 Imperial Age
53:05 Chemistry
51:45 Capped Ram
60:16 Arbalester
63:55 Thumb Ring
65:42 Heavy Camel Rider
67:01 Fletching
67:12 Padded Archer Armor
68:06 Bodkin Arrow
89:56 Bracer
90:11 Leather Archer Armor
91:46 Spies/Treason
Ivess
0:28 Loom
11:55 Feudal Age
13:29 Wheelbarrow
13:13 Double-Bit Axe
13:34 Horse Collar
20:13 Castle Age
20:57 Scale Barding Armor
22:20 Hand Cart
22:36 Bloodlines
22:55 Forging
24:44 Chain Barding Armor
39:04 Imperial Age
40:41 Conscription
40:52 Murder Holes
46:52 Plate Barding Armor
46:54 Iron Casting
46:57 Fletching
47:18 Husbandry
56:32 Conscription
68:09 Capped Ram
Connection lost

Rejoining the realm…

Still unreachable

The connection could not be restored.

Session expired

The server has moved on; the page needs a fresh start.